 Dungeon Crawl Stone Soup version 0.27-b1-42-g19c61b19a5 (webtiles) character file.

Game seed: 5612933056985557842

20 horus123 the Vexing (level 2, -1/16 HPs)
             Began as a Deep Elf Arcane Marksman on July 28, 2021.
             Slain by an adder (4 damage)
             ... on level 2 of the Dungeon on July 29, 2021.
             The game lasted 00:06:59 (1715 turns).

horus123 the Vexing (Deep Elf Arcane Marksman)      Turns: 1715, Time: 00:07:01

Health: -1/16      AC:  2    Str:  7    XL:     2   Next: 58%
Magic:  3/7        EV:  9    Int: 17    God:
Gold:   26         SH:  0    Dex: 15    Spells: 2/5 levels left

rFire    . . .     SeeInvis .   a - +0 shortbow
rCold    . . .     Faith    .   (shield currently unavailable)
rNeg     . . .     Spirit   .   d - +0 robe
rPois    .         Reflect  .   (no helmet)
rElec    .         Harm     .   (no cloak)
rCorr    .         Rampage  .   (no gloves)
Will     .....                  (no boots)
Stlth    +.........             (no amulet)
HPRegen  0.05/turn              (no ring)
MPRegen  0.10/turn              (no ring)

@: constricted
A: no striking features
a: no special abilities


You were on level 2 of the Dungeon.
You visited 1 branch of the dungeon, and saw 2 of its levels.

You collected 26 gold pieces.

Inventory:

Hand Weapons
 a - a +0 shortbow (weapon)
 e - a +0 dagger of draining
Missiles
 c - 2 arrows (quivered ammo)
Armour
 d - a +0 robe (worn)
Scrolls
 b - a scroll of teleportation {unknown}
 f - a scroll of fog {unknown}


   Skills:
 + Level 0.9 Fighting
 + Level 3.4 Bows
 + Level 2.6 Dodging
 + Level 2.0 Spellcasting
 + Level 4.4 Hexes


You had 2 spell levels left.
You knew the following spells:

 Your Spells              Type           Power      Damage    Failure   Level
a - Corona                Hex            17%        N/A       3%          1
b - Slow                  Hex            16%        N/A       4%          2

Your spell library contained the following spells:

 Spells                   Type           Power      Damage    Failure   Level
 Inner Flame              Hex/Fire       9%         N/A       24%         3
 Portal Projectile        Hex/Tloc       18%        N/A       24%         3
 Cause Fear               Hex            8%         N/A       30%         4


Dungeon Overview and Level Annotations

Branches:
Dungeon (2/15)

Altars:


Message History

Fire: 7 arrows
Press: ? - help, Q - select action, (/) - cycle Shift-Dir - straight line, f/p - adder
Aim: an adder (heavily wounded, softly glowing, 59% to hit)
You shoot an arrow. The arrow hits the adder.
The adder is severely wounded.
The adder bites you. The adder closely misses you.
Unknown command.
Fire: 6 arrows
Press: ? - help, Q - select action, (/) - cycle Shift-Dir - straight line, f/p - adder
Aim: an adder (severely wounded, softly glowing, 59% to hit)
You shoot an arrow. The arrow hits the adder.
The adder is severely wounded.
The adder barely misses you.
A ball python comes into view.
Fire: 5 arrows
Press: ? - help, Q - select action, (/) - cycle Shift-Dir - straight line, f/p - adder
Aim: an adder (severely wounded, softly glowing, 59% to hit)
You shoot an arrow. The arrow closely misses the adder.
The arrow closely misses the ball python.
The ball python hisses angrily.
The ball python bites you. The ball python grabs you.
The ball python constricts you. The adder completely misses you.
The ball python bites you. The ball python constricts you. The adder bites you.
Fire: 4 arrows
Press: ? - help, Q - select action, (/) - cycle Shift-Dir - straight line, f/p - adder
Aim: an adder (severely wounded, softly glowing, 59% to hit)
You shoot an arrow. The arrow hits the adder.
The adder is almost dead.
The adder bites you.
* * * LOW HITPOINT WARNING * * *
The ball python barely misses you.
* * * LOW HITPOINT WARNING * * *
The ball python constricts you.
Fire: 3 arrows
Press: ? - help, Q - select action, (/) - cycle Shift-Dir - straight line, f/p - adder
Aim: an adder (almost dead, softly glowing, 59% to hit)
You shoot an arrow. The arrow hits the adder.
The adder is almost dead.
The adder bites you.
You die...

#....##.###.##.... (###
###..##.###....... .....
#............[.<
.#.#.######.########....
...S.....#.†## #....
#.#.#.......## #....
........)....## #....
.#.#.#S........# ##...
......S@.......# ##..
.#.#.#.........# ###
..............##
.#.#.#...#...##
......####### #.#.#.
....... .#.#.## .....


You could see an adder (corona) and 2 ball pythons.

Vanquished Creatures
  An endoplasm (D:1)
  A giant cockroach (D:1)
  2 hobgoblins (D:1)
  4 jackals (D:1)
  3 kobolds (D:1)
  4 ball pythons
  A bat (D:1)
  A goblin (D:2)
  2 rats (D:1)
19 creatures vanquished.

Notes
Turn   | Place    | Note
-------+----------+-------------------------------------------
     0 | D:1      | horus123 the Deep Elf Arcane Marksman began the quest for
                  | the Orb.
     0 | D:1      | Reached XP level 1. HP: 11/11 MP: 5/5
   149 | D:1      | Found a faded altar of an unknown god.
   628 | D:1      | Reached XP level 2. HP: 16/16 MP: 4/6
   721 | D:1      | Learned a level 2 spell: Slow
  1156 | D:1      | Upgraded the game from 0.27-b1-41-gafb5482f4b to
                  | 0.27-b1-42-g19c61b19a5
  1715 | D:2      | Slain by an adder

Illustrated notes

Levels and vault maps discovered:
D:1:      shiori_shiawase, layout_basic, hellmonk_ecumenical_altar_run_dry,
          chequers_mini_garden, minmay_surrounded
D:2:      layout_rooms, st_stairs_11, chequers_serial_rivers_large_a,
          minmay_pentomino_w4

Skill      XL: |  1  2 |
---------------+-------+-----
Bows           | 3 |  3.4
Spellcasting   | 2 |  2.0
Fighting       | |  0.9
Dodging        | |  2.6
Hexes          | |  4.4

Action                   || total
-------------------------++-------
 Fire: Shortbow          ||    65
 Cast: Corona            ||    10
       Slow              ||     7
Armor: Robe              ||     8
Dodge: Dodged            ||    30
